 Dungeon Crawl Stone Soup version 0.31-a0-176-g91f28db67f (webtiles) character file.

Game seed: 7229156514152375602

93 alindkvist118 the Magician (level 4, -4/24 HPs)
             Began as a Deep Elf Hedge Wizard on June 18, 2023.
             Slain by a cerulean imp
             ... wielding a +2 spear
             ... summoned by Natasha
              (5 damage)
             ... on level 2 of the Dungeon.
             The game lasted 00:20:03 (2611 turns).

alindkvist118 the Magician (Deep Elf Hedge Wizard)  Turns: 2611, Time: 00:20:06

Health: -4/24      AC:  3    Str:  7    XL:     4   Next: 37%
Magic:  9/15       EV: 12    Int: 21    God:
Gold:   107        SH:  0    Dex: 14    Spells: 12/17 levels left

rFire   . . .        a - +2 dagger
rCold   . . .        (no shield)
rNeg    . . .        b - +0 robe
rPois   .            c - +0 hat
rElec   .            (no cloak)
rCorr   .            (no gloves)
SInv    .            k - +0 pair of boots
Will    .....        (no amulet)
Stlth   ++           (no ring)
HPRegen 0.24/turn    (no ring)
MPRegen 0.14/turn

%: no passive effects
@: slowed, very slow
A: no striking features
a: no special abilities


You were on level 2 of the Dungeon.
You visited 1 branch of the dungeon, and saw 2 of its levels.

You collected 107 gold pieces.


   Skills:
 - Level 1.0 Short Blades
 - Level 2.4 Dodging
 - Level 2.4 Stealth
 + Level 7.0 Spellcasting
 - Level 1.1 Conjurations
 - Level 1.1 Summonings
 - Level 1.1 Translocations


You had 12 spell levels left.
You knew the following spells:

 Your Spells              Type           Power      Damage    Failure   Level
a - Magic Dart            Conj           48%        1d5       5%          1
m - Call Imp              Summ           24%        N/A       9%          2
p - Blink                 Tloc           24%        N/A       9%          2

Your spell library contained the following spells:

 Spells                   Type           Power      Damage    Failure   Level
 Slow                     Hex            28%        N/A       9%          1
 Cigotuvi's Dreadful Rot  Necr/Pois/Air  14%        N/A       13%         2
 Mephitic Cloud           Conj/Pois/Air  8%         N/A       22%         3

Inventory:

Hand Weapons
 a - a +2 dagger (weapon)
Missiles
 j - 2 poisoned darts
Armour
 b - a +0 robe (worn)
 c - a +0 hat (worn)
 k - a +0 pair of boots (worn)
Scrolls
 f - 2 scrolls of teleportation
 i - 2 scrolls of noise {unknown}
Potions
 d - a potion of magic
 e - a potion of lignification {unknown}
 g - a potion of attraction {unknown}
 h - 3 potions of might {unknown}
 l - a potion of cancellation {unknown}
 m - a potion of curing {unknown}


Message History

Natasha is almost dead.
The cerulean imp closely misses you.
Your cerulean imp closely misses the cerulean imp.
Natasha casts a spell at you.
You feel yourself slow down.
Casting: Magic Dart (safe; 5% risk of failure)
Confirm with . or Enter, or press ? or * to list all spells.
Aiming: Magic Dart (safe; 5% risk of failure)
Press: ? - help, Shift-Dir - straight line, f/p - Natasha
Aim: Natasha (almost dead, 100% to hit)
The magic dart hits Natasha but does no damage.
Natasha is almost dead.
The cerulean imp hits you from afar with a +2 spear.
Your cerulean imp hits the cerulean imp but does no damage.
Natasha mumbles some strange words.
The cerulean imp closely misses you.
Casting: Magic Dart (safe; 5% risk of failure)
Confirm with . or Enter, or press ? or * to list all spells.
Aiming: Magic Dart (safe; 5% risk of failure)
Press: ? - help, Shift-Dir - straight line, f/p - Natasha
Aim: Natasha (almost dead, 100% to hit)
The magic dart hits Natasha but does no damage.
Natasha is almost dead.
Natasha claws you.
Your cerulean imp completely misses the cerulean imp.
The cerulean imp hits you from afar with a +2 spear.
* * * LOW HITPOINT WARNING * * *
The cerulean imp barely misses you.
Your cerulean imp hits the cerulean imp with a -3 spear.
Natasha claws you.
* * * LOW HITPOINT WARNING * * *
Casting: Magic Dart (safe; 5% risk of failure)
Confirm with . or Enter, or press ? or * to list all spells.
Aiming: Magic Dart (safe; 5% risk of failure)
Press: ? - help, Shift-Dir - straight line, f/p - Natasha
Aim: Natasha (almost dead, 100% to hit)
The magic dart hits Natasha but does no damage.
Natasha is almost dead.
The cerulean imp hits you from afar with a +2 spear.
You die...

**,,,** ##.#.#*......,,*, ***.,*
#...##......,,,, **.###*
########g..#.....,,,*, *,...*
#....# #.....#*******,
****#**#.#*#....# ##.g).### *,
,,,,..##..##....####.g....#******
,***#................#.##.....,,,
,* ***#.).)<...######.#*#####***
,* ###.)..5h@.####.# **
#.....55#...##.### *
#.......###).....######## *
#.......#######...####### *
##.....##....)........... *
##.....#..######g.......# *
#........## ###.......... *
#.......#######...5...... *
#..........####.....)รท.).


You could see Natasha, 2 cerulean imps and a friendly cerulean imp (summoned).

Vanquished Creatures
  3 adders (D:2)
  2 dart slugs (D:1)
  2 ball pythons (D:1)
  8 endoplasms
  A giant cockroach (D:2)
  5 hobgoblins
  3 jackals (D:2)
  4 quokkas
  5 bats
  4 frilled lizards
  11 goblins
  A kobold (D:2)
  5 rats
54 creatures vanquished.

Vanquished Creatures (collateral kills)
  A goblin (D:2)
  A hobgoblin (D:2)
  A jackal (D:2)
3 creatures vanquished.

Grand Total: 57 creatures vanquished

Notes
Turn   | Place    | Note
-------+----------+-------------------------------------------
     0 | D:1      | alindkvist118 the Deep Elf Hedge Wizard began the quest for
                  | the Orb.
     0 | D:1      | Reached XP level 1. HP: 10/10 MP: 7/7
   161 | D:1      | Reached skill level 5 in Spellcasting
   255 | D:1      | Reached XP level 2. HP: 11/15 MP: 2/10
  1191 | D:1      | Learned a level 2 spell: Blink
  1194 | D:1      | Learned a level 2 spell: Call Imp
  1281 | D:1      | Reached XP level 3. HP: 19/19 MP: 6/12
  1676 | D:2      | Reached skill level 6 in Spellcasting
  1722 | D:2      | Found Leuvidext's Jewellery Emporium.
  1923 | D:2      | Noticed Robin
  2075 | D:2      | Reached XP level 4. HP: 24/24 MP: 6/14
  2235 | D:2      | Reached skill level 1 in Short Blades
  2423 | D:2      | Reached skill level 7 in Spellcasting
  2424 | D:2      | HP: 11/24 [Robin/sling bullet (6)]
  2542 | D:2      | HP: 12/24 [Robin/sling bullet (6)]
  2600 | D:2      | Noticed Natasha
  2610 | D:2      | HP: 7/24 [cerulean imp/+2 spear[Natasha] (6)]
  2610 | D:2      | HP: 1/24 [Natasha (6)]
  2611 | D:2      | Slain by a cerulean imp

Levels and vault maps discovered:
D:1:      minmay_arrival_radiant_lines, layout_loops_cross,
          corexii_hall_statues_i, st_stairs_14, chequers_jeans,
          grunt_decor_arrowhead
D:2:      layout_rooms, serial_shops, shop, uniq_natasha, uniq_robin

Action                     |  1- 3 |  4- 6 || total
---------------------------+-------+-------++-------
  Melee: Dagger            |     5 |       ||     5
   Cast: Magic Dart        |   121 |    43 ||   164
         Call Imp          |     3 |     6 ||     9
    Use: Scroll            |     5 |       ||     5
 Armour: Robe              |     7 |     4 ||    11
  Dodge: Dodged            |    17 |    18 ||    35
